monkhack, neutral male human Monk q #@# # ### # ### # ---.--.------ |.{.......... |...........| |...<.......| ------------- monkhack the Initiate Experience level: 6 Strength: 25 Dexterity: 16 Constitution: 12 Intelligence: 7 Wisdom: 12 Charisma: 12 Health: 0(47) Energy: 36(36) AC: 1 Gold: 261 Moves: 2389 Your Inventory: Coins $ - 261 gold pieces Weapons s - an uncursed [+0] spear A - an uncursed [+0] runed dagger [elven] G - 14 [uncursed +0] darts J - an [uncursed +0] crude spear [orcish] Armor a - an uncursed +2 pair of leather gloves b - an uncursed +1 robe (being worn) m - a [blessed] +3 pair of gauntlets of power (being worn) n - a cursed [-1] pair of combat boots [fumble] o - an [uncursed] +0 T-shirt (being worn) p - a [blessed] +0 pair of high boots (being worn) q - a cursed [-1] pair of riding boots [kicking] r - a cursed [-2] pair of mud boots [elven] Comestibles f - 3 uncursed food rations g - 6 uncursed apples h - 6 uncursed oranges i - 2 uncursed fortune cookies u - an uncursed tripe ration Scrolls d - an uncursed scroll of destroy armor v - an uncursed scroll labeled VENZAR BORGAVVE [of magic mapping] z - an uncursed scroll labeled VAS CORP BET MANI [of confuse monster] B - a cursed scroll labeled KO BATE [of light] C - an uncursed scroll labeled FNORD [of identify] Spellbooks c - a blessed spellbook of sleep Potions e - 3 uncursed potions of healing y - an uncursed golden potion [of gain energy] K - an [uncursed] milky potion [of extra healing] Tools j - an uncursed magic marker (0:40) x - an uncursed leash E - an uncursed looking glass [mirror] Gems l - an uncursed violet gem [worthless glass] D - an uncursed black gem [obsidian] H - an [uncursed] black gem [worthless glass] Spells known in the end: Name Level Category Fail Memory a - sleep 1 enchantment 0% [||||||||] Your skills at the end: Fighting Skills martial arts [Basic] Weapon Skills Spellcasting Skills healing spells [Basic] Final Attributes: You were piously aligned. Hunger level was 862. Your alignment was 21 / 21. Monster difficulty range was 1 - 7. Level difficulty was 8. You were immune to sleep. You were immune to poison. You saw invisible. You were stealthy. You were fast. Your luck was zero. You are dead. Vanquished creatures: a human mummy a gnome mummy an imp a mountain nymph a yellow light 2 shriekers a little dog a kobold shaman a giant bat 3 orc zombies 5 dwarf zombies a werejackal a hobbit a hobgoblin 2 giant rats a red mold 2 geckos 6 jackals 2 goblins 8 grid bugs a bat 6 lichens 49 creatures vanquished. Voluntary challenges: You followed a strict vegan diet. You never hit with a wielded weapon. You read items or engraved 27 times. You put on armor 6 times. You never genocided any monsters. You never polymorphed an object. You never changed form. You used no wishes. You wrote Elbereth's name 17 times. You never encountered a bones level. You never used any Sokoban shortcuts. Dungeon overview: The Dungeons of Doom: levels 1 to 8 Level 1 a long staircase Level 2 an armor shop, a fountain Level 3 a general store, an altar, a fountain stairs to The Gnomish Mines Level 4 a jewelry store Level 5 a fountain Level 6 an altar to Chih Sung-tzu Level 8 <- You were here a fountain The Gnomish Mines: Level 4 stairs to The Dungeons of Doom History has recorded: On T:1 you entered the Dungeons of Doom to retrieve the Amulet of Yendor! On T:67 you reached level 2 of The Dungeons of Doom. On T:430 you advanced to experience level 2. On T:452 you reached level 3 of The Dungeons of Doom. On T:552 you advanced to experience level 3. On T:926 you reached level 1 of The Gnomish Mines. On T:1101 you reached level 4 of The Dungeons of Doom. On T:1255 you advanced to experience level 4. On T:1260 you reached level 5 of The Dungeons of Doom. On T:1544 you advanced to experience level 5. On T:1568 you reached level 6 of The Dungeons of Doom. On T:1885 you advanced to experience level 6. On T:2277 you reached level 7 of The Dungeons of Doom. On T:2381 you reached level 8 of The Dungeons of Doom. Latest messages: The little dog staggers from your powerful strike! You kill the little dog! The kitten misses the water nymph. (2x) You write "Elbereth" with your fingers into the dust. The kitten bites the water nymph. The water nymph smiles at the kitten engagingly. The water nymph pretends to be friendly to the kitten. The water nymph turns to flee! You add "Elbereth" with your fingers to the writing in the dust. (2x) You see a door open. You add "Elbereth" with your fingers to the writing in the dust. You displaced your kitten. (2x) You pull on the leash. It yowls! You pull on the leash. It whimpers. Its leash snaps loose! The leocrotta misses. The leocrotta bites! The leocrotta hits! You write "Elbereth" with your fingers into the dust. The leocrotta hits! You die... Final status: Punardarsanaya monkhack the Monk... You died in The Dungeons of Doom on dungeon level 8 with 2754 points, and 261 pieces of gold, after 2389 moves. You were level 6 with a maximum of 47 hit points when you died.